 Dungeon Crawl Stone Soup version 0.28-a0-1130-gc51a68064b (webtiles) character file.

Game seed: 4245437770543181541

200 vurker the Gusty (level 5, 0/40 HPs)
             Began as a Demigod Air Elementalist on Dec 12, 2021.
             Killed by nerve-wracking pain
             ... invoked by an orc priest
              (12 damage)
             ... on level 3 of the Dungeon.
             The game lasted 00:02:29 (2869 turns).

vurker the Gusty (Demigod Air Elementalist)         Turns: 2869, Time: 00:02:29

Health: 0/40       AC:  2    Str:  9    XL:     5   Next: 24%
Magic:  7/12       EV: 12    Int: 21    God:
Gold:   118        SH:  0    Dex: 14    Spells: 9/10 levels left

rFire   . . .      SeeInvis .   c - +0 short sword
rCold   . . .      Faith    .   (no shield)
rNeg    . . .      Spirit   .   a - +0 robe
rPois   .          Reflect  .   (no helmet)
rElec   .          Harm     .   (no cloak)
rCorr   .          Rampage  .   (no gloves)
Will    .....                   (no boots)
Stlth   ++........              (no amulet)
HPRegen 0.13/turn               (no ring)
MPRegen 0.13/turn               (no ring)

@: no status effects
A: high mp 1, forlorn, divine attributes
a: no special abilities


You were on level 3 of the Dungeon.
You visited 1 branch of the dungeon, and saw 3 of its levels.

You collected 118 gold pieces.

Inventory:

Hand Weapons
 c - a +0 short sword (weapon)
   (You took it off a kobold on level 1 of the Dungeon)
Missiles
 g - a throwing net
Armour
 a - a +0 robe (worn)
Wands
 d - a wand of iceblast (4)
   (You found it on level 3 of the Dungeon)
Scrolls
 b - a scroll of identify {unknown}
 e - a scroll of teleportation {unknown}
 f - a scroll of amnesia {unknown}
 h - a scroll of enchant weapon {unknown}
 i - a scroll of blinking {unknown}
Potions
 j - a potion of resistance {unknown}
 k - 4 potions of brilliance {unknown}
 l - a potion of ambrosia {unknown}


   Skills:
 + Level 1.6 Fighting
 - Level 1.7 Dodging
 - Level 1.7 Stealth
 * Level 3.1 Spellcasting
 + Level 2.0 Conjurations
 * Level 4.0 Air Magic


You had 9 spell levels left.
You knew the following spells:

 Your Spells              Type           Power      Damage    Failure   Level
a - Shock                 Conj/Air       64%        1d7       3%          1

Your spell library contained the following spells:

 Spells                   Type           Power      Damage    Failure   Level
 Static Discharge         Conj/Air       16%        N/A       6%          2
 Swiftness                Air            20%        N/A       8%          3
 Airstrike                Air            10%        N/A       26%         4
 Call Canine Familiar     Summ           3%         N/A       36%         3
 Gell's Gravitas          Tloc           3%         N/A       36%         3
 Lesser Beckoning         Tloc           3%         N/A       36%         3
 Portal Projectile        Hex/Tloc       6%         N/A       36%         3
 Teleport Other           Tloc           3%         N/A       36%         3
 Leda's Liquefaction      Hex/Erth       1%         N/A       78%         4


Dungeon Overview and Level Annotations

Branches:
Dungeon (3/15)


Innate Abilities, Weirdness & Mutations

You have an increased reservoir of magic. (+10% MP)
You shall have no god before yourself.
Your divine heritage dramatically boosts your attributes as you level up.


Message History

The zap hits the worm.
You kill the worm!
You can't see any susceptible monsters within range! (Use Z to cast anyway.)
You can't see any susceptible monsters within range! (Use Z to cast anyway.)
l - a bubbling orange potion You see here 15 stones.
A kobold comes into view. It is wielding a +0 dagger.
A kobold is nearby!
A kobold is nearby!
Aim: a kobold, wielding a +0 dagger and quivering stones (asleep, 100% to hit)
The zap hits the kobold.
You kill the kobold!
You can't see any susceptible monsters within range! (Use Z to cast anyway.)
You can't see any susceptible monsters within range! (Use Z to cast anyway.)
An orc wizard is nearby!
An orc wizard is nearby!
An orc wizard is nearby!
Aim: an orc wizard, wielding a +0 dagger and wearing a +0 robe (wandering, hasn't noticed you, 64% to hit)
The zap hits the orc wizard.
Aim: an orc wizard, wielding a +0 dagger and wearing a +0 robe (moderately wounded, 64% to hit)
The zap hits the orc wizard.
Aim: an orc wizard, wielding a +0 dagger and wearing a +0 robe (heavily wounded, 64% to hit)
The zap hits the orc wizard.
The orc wizard casts a spell at you. The magic dart hits you!
The orc wizard gestures at you while chanting.
The magic dart hits you.
Aim: an orc wizard, wielding a +0 dagger and wearing a +0 robe (severely wounded, 64% to hit)
The zap hits the orc wizard.
You kill the orc wizard!
Your Air Magic skill increases to level 4!
An orc priest is nearby!
Aim: an orc priest, wielding a +0 falchion (wandering, hasn't noticed you, 71% to hit)
The zap hits the orc priest.
Aim: an orc priest, wielding a +0 falchion (lightly wounded, 71% to hit)
The zap hits the orc priest.
Aim: an orc priest, wielding a +0 falchion (lightly wounded, 71% to hit)
The zap hits the orc priest.
Aim: an orc priest, wielding a +0 falchion (moderately wounded, 71% to hit)
The zap hits the orc priest.
The orc priest invokes the aid of Beogh against you.
Beogh smites you!
Aim: an orc priest, wielding a +0 falchion (heavily wounded, 71% to hit)
The zap hits the orc priest!
The orc priest calls down the wrath of Beogh upon you.
Beogh smites you!
* * * LOW HITPOINT WARNING * * *
The orc priest invokes the aid of Beogh against you.
Pain shoots through your body!
You die...

.....#.....#
.####.####.###
.# #........#
.# ######.#.#
.# #.#.# .#
#.#.# .#
#.#.## .#
#.(..##### .#
#......@.#
##...###.#
##.## #.# #.#
#.# #.# #.#
#.# #o# #.#
#.# ..# #.#
.)#


You could see an orc priest.

Vanquished Creatures
  An ogre (D:3)
  An orc wizard (D:3)
  3 adders (D:2)
  2 worms
  A dart slug (D:2)
  3 orcs (D:3)
  4 ball pythons (D:2)
  5 endoplasms
  4 giant cockroaches
  5 hobgoblins
  2 jackals (D:2)
  3 quokkas (D:2)
  4 bats
  7 frilled lizards
  A goblin (D:2)
  7 kobolds
  3 rats
56 creatures vanquished.

Notes
Turn   | Place    | Note
-------+----------+-------------------------------------------
     0 | D:1      | vurker the Demigod Air Elementalist began the quest for the
                  | Orb.
     0 | D:1      | Reached XP level 1. HP: 14/14 MP: 5/5
   191 | D:1      | Reached skill level 1 in Conjurations
  1198 | D:2      | Reached XP level 2. HP: 22/22 MP: 5/7
  1238 | D:2      | Reached skill level 3 in Air Magic
  1497 | D:2      | Reached XP level 3. HP: 27/27 MP: 3/9
  2160 | D:2      | Reached skill level 1 in Fighting
  2469 | D:3      | Reached XP level 4. HP: 35/35 MP: 4/10
  2614 | D:3      | Noticed an ogre
  2630 | D:3      | Killed an ogre
  2631 | D:3      | Reached XP level 5. HP: 40/40 MP: 6/12
  2818 | D:3      | Reached skill level 4 in Air Magic
  2869 | D:3      | Killed from afar by an orc priest

Illustrated notes

Levels and vault maps discovered:
D:1:      arrival_zaba_pyramid, layout_basic, hangedman_decor_opposing,
          st_stairs_14, nicolae_concentric_dashed_squares_mild,
          chequers_decorated_corner
D:2:      minmay_diamond_boxcup, layout_rooms, minmay_puff
D:3:      layout_loops_ring, dreamdust_ecumenical_altar_sealed_demon,
          kennysheep_pointless_box

Skill      XL: |  1  2  3  4  5 |
---------------+----------------+-----
Conjurations   | 1 2 |  2.0
Spellcasting   | 2 3 |  3.1
Air Magic      | 3 4 |  4.0
Fighting       | 1 |  1.6
Dodging        | |  1.7
Stealth        | |  1.7

Action                   |  1- 3 |  4- 6 || total
-------------------------+-------+-------++-------
Melee: Short sword       |     2 |       ||     2
       Unarmed           |     2 |       ||     2
 Cast: Shock             |    89 |    31 ||   120
Armor: Robe              |     3 |     1 ||     4
Dodge: Dodged            |    21 |     2 ||    23

Table legend: (Time is in decaauts)
 A = Elapsed time spent in this place.
 B = Non-inter-level travel time spent in this place.
 C = Inter-level travel time spent in this place.
 D = Time resting spent in this place.
 E = Time spent auto-exploring this place.
 F = Levels seen in this place.
 G = Mean time per level.
                   A        B        C        D        E       F      G
               +--------+--------+--------+--------+--------+-----+--------+
         Total |   2869 |   2788 |     81 |     44 |   2396 |   3 |  956.3 |
       Dungeon |   2869 |   2788 |     81 |     44 |   2396 |   3 |  956.3 |
               +--------+--------+--------+--------+--------+-----+--------+

Top non-repeatable levels by time:
     D:2: 1397 daAuts
     D:1: 1132 daAuts
     D:3: 339 daAuts
